 Dungeon Crawl Stone Soup version 0.17.0-56-gd8de76c (webtiles) character file.

3482 Peloso the Protected (level 9, -1/79 HPs)
             Began as a Minotaur Fighter on Dec 6, 2015.
             Was a Believer of Okawaru.
             Slain by a killer bee (6 damage)
             ... on level 7 of the Dungeon.
             The game lasted 00:24:22 (6644 turns).

Peloso the Protected (Minotaur Fighter)             Turns: 6644, Time: 00:24:22

Health: -1/79      AC:  3    Str: 26    XL:     9   Next: 79%
Magic:  8/8        EV: 13    Int:  5    God:    Okawaru [**....]
Gold:   522        SH: 13    Dex: 11    Spells: 0 memorised, 8 levels left

rFire  . . .     SeeInvis .     t - -3 spear (curse)
rCold  x . .     Clarity  .     y - +1 robe "Futy" {rC- Regen+ rCorr} (curse)
rNeg   . . .     SustAt   .     c - +1 shield
rPois  +         Gourm    .     (helmet restricted)
rElec  .         Spirit   .     (no cloak)
rCorr  +         Warding  .     (no gloves)
rMut   +         Stasis   .     (no boots)
MR     .....                    C - amulet of resist mutation
Stlth  ++........               v - +3 ring of strength
                                q - ring of poison resistance

@: lethally poisoned (-1 -> -1), not resistant to hostile enchantments,
unstealthy
A: retaliatory headbutt, horns 2
a: Heroism, Renounce Religion


You were on level 7 of the Dungeon.
You worshipped Okawaru.
Okawaru was pleased with you.
You were not hungry.

You visited 2 branches of the dungeon, and saw 8 of its levels.

You collected 522 gold pieces.

Inventory:

Hand Weapons
 a - a +1 long sword
 t - a cursed -3 spear (weapon)
 A - a +2 long sword of draining
Armour
 b - a +0 scale mail
 c - a +1 shield (worn)
 y - the cursed +1 robe "Futy" (worn) {rC- Regen+ rCorr}
   (You found it on level 6 of the Dungeon)

   It makes you vulnerable to cold.
   It increases your rate of regeneration.
   It protects you from acid and corrosion.
   It has a curse placed upon it.
 z - the cursed +1 robe "Fisuto Yzid" {rC+ Regen+, unknown}
   (You found it on level 6 of the Dungeon)

   It protects you from cold.
   It increases your rate of regeneration.
   It has a curse placed upon it.
Jewellery
 o - an uncursed amulet of guardian spirit
 q - a ring of poison resistance (left hand)
 s - a +3 ring of strength
 v - a +3 ring of strength (right hand)
 C - an amulet of resist mutation (around neck)
Wands
 h - a wand of digging (9)
Scrolls
 e - 2 scrolls of identify
 g - 2 scrolls of enchant weapon
 p - 4 scrolls of recharging
Potions
 d - 4 potions of might
 i - a potion of resistance
 j - 2 potions of haste
 l - a potion of curing
 r - 4 potions of mutation {unknown}
 u - a potion of agility {unknown}
 x - a potion of brilliance {unknown}
Books
 f - the Grimoire of Weightlessness and Moulding
   (You found it on level 6 of the Dungeon)

   Spells                             Type                      Level
   a - Beastly Appendage              Transmutation                1
   b - Repel Missiles                 Charms/Air                   2
   c - Summon Lightning Spire         Summoning/Air                4
   d - Alistair's Intoxication        Transmutation/Poison         4
   e - Tornado                        Air                          9
Comestibles
 k - a slice of pizza
 m - 3 fruits
 n - a meat ration
 w - 3 bread rations
 B - a beef jerky
 D - 3 chunks of flesh


   Skills:
 + Level 7.2 Fighting
 + Level 6.1 Long Blades
 + Level 1.3 Polearms
 + Level 9.2 Armour
 + Level 6.8 Dodging
 + Level 1.5 Stealth
 + Level 9.2 Shields


You had 8 spell levels left.
You didn't know any spells.

Dungeon Overview and Level Annotations

Branches:
Dungeon (7/15)             Temple (1/1) D:5

Altars:
Ashenzari
Cheibriados
Fedhas
Nemelex Xobeh
Okawaru
Trog
Xom
Zin
The Shining One

Annotations:
D:2 exclusion: oklob plant


Innate Abilities, Weirdness & Mutations

You reflexively headbutt those who attack you in melee.
You have a pair of horns on your head.


Message History

You block the killer bee's attack. The killer bee misses you.
You completely miss the killer bee.
The killer bee is severely wounded.
The killer bee closely misses you. The killer bee misses you.
You puncture the killer bee!
You kill the killer bee!
Okawaru accepts your kill. You block the killer bee's attack.
You miss the killer bee. You block the killer bee's attack.
The killer bee stings you.
* * * LOW HITPOINT WARNING * * *
You are poisoned.
The killer bee poisons you!
You miss the killer bee. Your headbutt misses the killer bee.
You feel sick. The killer bee barely misses you. The killer bee stings you!
* * * LOW HITPOINT WARNING * * *
You miss the killer bee.
You feel sick. You block the killer bee's attack.
You block the killer bee's attack.
You miss the killer bee. The killer bee stings you.
You die...

#....# #..... .... # #..#
# ### #.## ####..#
#####.# #.. .. ....?#
##...... #.#
#.##.####..###......
#.###.....†@y.......#
#....##..####..##...#
#####..............##...#
#........##..####.###...#
#.###.....#.. #.# #...#
#.# #.#.#.#..## #.###...#
#.# #.#........##.......#
#.# #<###.#.....#####..##
#.# #.....#............#


You could see a killer bee.

Vanquished Creatures
  The ghost of Rex the Shield-Bearer, a novice MiFi (D:6)
  The ghost of Kloppie the Chiller, an amateur DrIE (D:4)
  A steam dragon (D:6)
  2 phantoms (D:4)
  A black bear (D:6)
  2 necrophages
  2 sky beasts (D:5)
  A centaur (D:6)
  2 ogres
  A big kobold (D:6)
  4 giant frogs
  3 gnoll sergeants (D:6)
  A scorpion (D:6)
  3 killer bees (D:7)
  A quasit (D:6)
  11 hounds
  An orc priest (D:6)
  3 crimson imps (D:6)
  An iguana (D:5)
  A jelly (D:4)
  2 gnoll shamans (D:6)
  3 orc wizards
  4 worker ants
  8 gnolls (D:6)
  8 adders
  2 shadow imps (D:5)
  2 oozes
  An adder skeleton (D:7)
  An adder zombie (D:5)
  2 worms (D:3)
  23 orcs
  4 ball pythons
  9 giant cockroaches
  9 goblins
  16 hobgoblins
  6 jackals
  15 kobolds
  3 quokkas
  6 bats
  5 giant geckos
  6 giant newts
  10 rats
  2 plants (D:6)
190 creatures vanquished.

Vanquished Creatures (others)
  A wizard (D:6)
  15 toadstools (D:2)
16 creatures vanquished.

Grand Total: 206 creatures vanquished

Notes
Turn   | Place    | Note
--------------------------------------------------------------
     0 | D:1      | Peloso the Minotaur Fighter began the quest for the Orb.
     0 | D:1      | Reached XP level 1. HP: 19/19 MP: 0/0
    77 | D:1      | Reached XP level 2. HP: 24/27 MP: 1/1
    92 | D:1      | Reached skill level 4 in Shields
   394 | D:1      | Reached XP level 3. HP: 33/33 MP: 2/2
   913 | D:2      | Reached skill level 1 in Dodging
  1109 | D:2      | Reached XP level 4. HP: 40/40 MP: 3/3
  1291 | D:2      | Found a blossoming altar of Fedhas.
  1331 | D:2      | Noticed an oklob plant
  2076 | D:3      | Reached skill level 5 in Shields
  2248 | D:3      | Reached XP level 5. HP: 44/46 MP: 4/4
  2341 | D:3      | Reached skill level 5 in Armour
  2479 | D:4      | Noticed Kloppie's ghost (amateur DrIE)
  2644 | D:4      | Killed Kloppie's ghost
  2644 | D:4      | Reached skill level 1 in Stealth
  2644 | D:4      | Reached XP level 6. HP: 32/53 MP: 3/5
  2653 | D:4      | Noticed a phantom
  2678 | D:4      | Killed a phantom
  2678 | D:4      | Reached skill level 6 in Armour
  2843 | D:4      | Noticed a phantom
  2878 | D:4      | Killed a phantom
  2878 | D:4      | Reached XP level 7. HP: 38/60 MP: 4/6
  2992 | D:4      | Found a bloodstained altar of Trog.
  3339 | D:4      | Reached skill level 7 in Armour
  3351 | D:4      | Reached skill level 5 in Fighting
  3596 | D:5      | Entered Level 5 of the Dungeon
  3901 | D:5      | Found a shimmering altar of Xom.
  3902 | D:5      | Found a blossoming altar of Fedhas.
  3946 | D:5      | Found a shattered altar of Ashenzari.
  3982 | D:5      | Reached XP level 8. HP: 60/68 MP: 7/7
  4113 | D:5      | Found a staircase to the Ecumenical Temple.
  4119 | Temple   | Entered the Ecumenical Temple
  4123 | Temple   | Became a worshipper of Warmaster Okawaru
  4271 | D:5      | Found a snail-covered altar of Cheibriados.
  4382 | D:5      | Reached skill level 8 in Armour
  4420 | D:5      | Reached skill level 5 in Long Blades
  4822 | D:6      | Reached * piety under Okawaru
  4912 | D:6      | Reached skill level 5 in Dodging
  5022 | D:6      | Reached XP level 9. HP: 58/78 MP: 8/8
  5097 | D:6      | Got a shimmering robe
  5104 | D:6      | Noticed Rex's ghost (novice MiFi)
  5136 | D:6      | Killed Rex's ghost
  5707 | D:6      | Identified the Grimoire of Weightlessness and Moulding
  5756 | D:6      | Reached ** piety under Okawaru
  5756 | D:6      | Reached skill level 9 in Armour
  6096 | D:6      | Found a bloodstained altar of Trog.
  6097 | D:6      | Noticed a wizard
  6102 | D:6      | Killed a wizard
  6363 | D:6      | Got a sheer robe
  6375 | D:6      | Identified the cursed +1 robe "Futy" {rC- Regen+ rCorr} (You found it on level 6 of the Dungeon)
  6497 | D:7      | Reached skill level 1 in Polearms
  6550 | D:7      | Found a snail-covered altar of Cheibriados.
  6644 | D:7      | Slain by a killer bee

Action                   |  1- 3 |  4- 6 |  7- 9 || total
-------------------------+-------+-------+-------++-------
Melee: Long sword        |   118 |   109 |   234 ||   461
       Spear             |       |       |   243 ||   243
  Use: Scroll            |     1 |     4 |    13 ||    18
       Potion            |       |     1 |     4 ||     5
  Eat: Bread ration      |     1 |       |       ||     1
       Chunk             |       |     2 |    13 ||    15
